Map: 애씨드 플랜트 - 래더

Players

LiquidMaNa (MaNa) - Winner!

  • Race: Protoss Protoss
  • League: Master
  • Spawn Location: 5:00

LiquidTaeJa (TaeJa)

  • Race: Terran Terran
  • League: Diamond
  • Spawn Location: 11:00

Event: HomeStory Cup XVIII

VOD

Have the link to the VOD?

Description

Time

  • Played on: Nov. 23, 2018, 11:59 a.m.
  • Length: 10:10

All games in this series

Show
View Real Time Build Order
Export as new Build Order

LiquidMaNa Protoss - Winner!

Build Orders: 1 Gate Expand 

Get SALT Encoding   

  12  0:00  Probe  
  13  0:12  Probe  
  14  0:17  Pylon  
  14  0:24  Probe  
  15  0:32  Probe  
  15  0:36  Gateway  
  15  0:40  Probe  
  16  0:46  Assimilator  
  17  0:50  Probe  
  18  0:58  Probe  
  19  1:06  Probe  
  20  1:22  Nexus  
  20  1:34  Cybernetics Core  
  20  1:37  Probe  
  21  1:42  Assimilator  
  21  1:49  Probe  
  21  1:53  Pylon  
  22  2:01  Stalker  
  22  2:02  Probe  
  23  2:11  Warp Gate  
  23  2:14  Probe  
  26  2:25  Robotics Facility  
  26  2:26  Adept  
  26  2:28  Probe  
  29  2:39  Probe  
  29  2:43  Probe  
  30  2:51  Probe  
  31  2:52  Stalker  
  31  2:56  Probe  
  34  3:03  Probe  
  35  3:08  Probe  
  36  3:13  Observer  
  36  3:15  Probe  
  36  3:19  Gateway  
  38  3:21  Gateway  
  38  3:23  Probe  
  38  3:24  Warp Prism  
  39  3:27  Probe  
  42  3:41  Probe x2  
  42  3:43  Pylon  
  44  3:53  Pylon, Probe x2  
  46  4:04  Twilight Council  
  46  4:08  Probe  
  47  4:10  Forge  
  47  4:16  Observer  
  47  4:21  Stalker x3  
  53  4:24  Pylon, Probe  
  54  4:37  Resonating Glaives  
  54  4:39  Protoss Ground Weapons Level 1  
  54  4:44  Observer  
  54  4:53  Nexus  
  54  4:54  Adept x3  
  54  4:58  Probe  
  61  5:00  Probe  
  62  5:11  Probe  
  61  5:14  Probe  
  60  5:21  Pylon  
  60  5:23  Gateway, Probe  
  60  5:26  Gateway  
  60  5:27  Gateway  
  61  5:30  Adept  
  61  5:31  Adept x2  
  61  5:33  Probe  
  64  5:42  Probe  
  65  5:44  Assimilator  
  65  5:45  Assimilator  
  65  5:46  Probe  
  66  5:51  Adept x3  
  66  5:55  Probe  
  73  5:58  Probe  
  74  6:07  Probe  
  74  6:10  Probe  
  76  6:12  Blink  
  76  6:13  Immortal  
  80  6:19  Probe  
  81  6:26  Protoss Ground Armor Level 1  
  81  6:29  Probe  
  68  6:40  Adept x6  
  68  6:42  Probe x2  
  68  6:43  Probe  
  82  6:52  Immortal  
  86  6:54  Probe  
  86  7:01  Forge  
  87  7:04  Pylon  
  87  7:08  Adept x3  
  93  7:11  Pylon  
  93  7:29  Adept x3  
  99  7:30  Adept x3  
  99  7:31  Observer, Probe  
  83  7:42  Stalker x2  
  83  7:43  Adept  
  83  7:44  Adept x3, Probe x2  
  89  7:45  Probe  
  89  7:48  Protoss Ground Weapons Level 2  
  89  7:56  Probe  
  89  7:57  Probe x2  
  88  7:59  Charge  
  88  8:00  Gateway  
  88  8:04  Gateway  
  88  8:05  Adept x3  
  88  8:06  Adept x3  
  100  8:13  Nexus  
  100  8:14  Probe  
  100  8:17  Shield Battery, Pylon  
  101  8:22  Pylon, Immortal  
  101  8:23  Pylon  
  103  8:32  Adept x3  
  97  8:55  Stalker x4  
  97  8:56  Stalker x3  
  97  9:00  Photon Cannon  
  97  9:01  Warp Prism  
  113  9:06  Sentry  
  115  9:10  Probe x2  
  115  9:16  Photon Cannon  
  117  9:20  Adept x2  
  117  9:21  Stalker  
  123  9:25  Assimilator  
  123  9:27  Assimilator  
  123  9:28  Zealot x4  
  131  9:34  Probe  
  132  9:45  Zealot x4  
  122  10:04  Stalker  
  122  10:05  Stalker x7  
Show
View Real Time Build Order
Export as new Build Order

LiquidTaeJa Terran 

Build Orders: Gas First Reaper Expand, Reaper Expand 

Get SALT Encoding   

  12  0:00  SCV  
  13  0:13  SCV  
  14  0:17  Supply Depot  
  14  0:25  SCV  
  14  0:27  Refinery  
  15  0:38  SCV  
  16  0:44  Barracks  
  16  0:50  SCV  
  17  1:02  SCV  
  18  1:15  SCV  
  19  1:31  Reaper, Orbital Command  
  20  1:44  Command Center  
  20  1:55  Factory  
  20  1:59  SCV  
  21  2:06  Refinery, Barracks Reactor  
  21  2:13  SCV  
  22  2:17  Supply Depot  
  22  2:25  SCV  
  23  2:39  SCV  
  23  2:41  Widow Mine  
  23  2:42  Starport  
  26  2:45  Marine x2  
  28  2:51  SCV  
  28  2:58  Orbital Command  
  29  3:03  SCV  
  30  3:08  Marine x2  
  33  3:12  Widow Mine  
  33  3:15  SCV  
  34  3:21  Viking  
  34  3:25  SCV  
  37  3:27  SCV  
  37  3:31  Marine x2  
  40  3:36  Supply Depot  
  40  3:41  SCV  
  40  3:42  SCV  
  42  3:49  Factory Tech Lab, Bunker  
  42  3:50  Marine x2  
  42  3:53  SCV  
  42  3:54  SCV  
  46  4:02  Supply Depot  
  46  4:04  Starport Tech Lab  
  46  4:07  SCV  
  46  4:08  SCV  
  46  4:09  Siege Tank  
  49  4:20  Marine x2, SCV x2  
  53  4:25  Raven  
  53  4:29  Supply Depot  
  55  4:32  SCV x2  
  55  4:38  Marine x2  
  59  4:45  Siege Tank  
  59  4:52  SCV x2  
  57  5:04  Command Center  
  57  5:06  SCV x2  
  57  5:18  Marine  
  57  5:19  Stimpack  
  57  5:20  SCV  
  57  5:21  SCV  
  55  5:30  Viking  
  55  5:33  SCV x2  
  56  5:45  Marine, SCV x2  
  59  5:54  Engineering Bay  
  59  5:56  Engineering Bay  
  59  5:57  SCV x2  
  61  6:06  Refinery x2  
  61  6:09  SCV x2  
  63  6:13  Starport Reactor  
  63  6:14  Barracks  
  63  6:15  Orbital Command  
  63  6:17  Barracks  
  63  6:20  Marine  
  63  6:21  SCV x2  
  63  6:22  Terran Infantry Weapons Level 1  
  63  6:24  Terran Infantry Armor Level 1  
  51  6:42  SCV x2  
  51  6:46  Marine  
  54  6:47  SCV  
  55  6:54  SCV x2  
  55  6:57  Siege Tank  
  60  7:03  SCV  
  60  7:06  SCV  
  60  7:07  Marine x2, Barracks Tech Lab  
  64  7:08  Marauder  
  64  7:12  SCV  
  65  7:15  SCV  
  65  7:18  SCV  
  67  7:24  SCV  
  67  7:26  Marine x2, Marauder  
  60  7:30  Marauder  
  60  7:34  SCV x2  
  60  7:36  SCV  
  57  7:41  Siege Tank  
  55  7:45  Marine x2  
  55  7:46  SCV x2  
  55  7:49  SCV  
  55  7:52  Marine x2  
  56  7:58  SCV  
  56  7:59  SCV  
  56  8:01  Medivac x2, SCV  
  56  8:03  Marine  
  64  8:10  SCV  
  64  8:11  SCV  
  66  8:13  Marine, SCV  
  66  8:14  Marine  
  69  8:21  Factory Reactor  
  69  8:23  Armory, SCV x2  
  69  8:26  Marine  
  72  8:29  SCV  
  69  8:35  SCV x2  
  69  8:41  SCV  
  69  8:42  Marine  
  69  8:47  SCV x2  
  71  8:53  Barracks, SCV  
  69  8:59  Widow Mine x2  
  73  9:03  SCV x2  
  73  9:09  Marine x2  
  77  9:10  Marine  
  77  9:11  Marine  
  77  9:16  Orbital Command  
  78  9:17  Barracks  
  75  9:26  SCV x2  
  75  9:28  Marine x2  
  79  9:32  Supply Depot  
  79  9:36  Supply Depot  
  79  9:39  Marine x2  
  79  9:41  Widow Mine x2  
  85  9:49  SCV  
  85  9:50  Missile Turret  
  85  9:54  SCV x2  
Tags
 
Add a new tag
Caveats
  • Supply blocks, unpowered buildings, or Contaminate may cause inaccurate times.
  • Supply counts are checked every 10 seconds.